 Dungeon Crawl Stone Soup version 0.22-a0-429-g97ce8ef (webtiles) character file.

544354 MisterFreud the Politician (level 27, -2/166 HPs)
             Began as a Kobold Berserker on May 23, 2018.
             Was the Champion of Trog.
             Killed from afar by a starcursed mass (4 damage)
             ... with an accursed screaming
             ... on level 3 of the Abyss on May 25, 2018.
             The game lasted 05:42:27 (64331 turns).

MisterFreud the Politician (Kobold Berserker)      Turns: 64331, Time: 05:42:28

Health: -2/166     AC: 42    Str: 22    XL:     27
Magic:  27/32      EV: 33    Int: 14    God:    Trog [******]
Gold:   1049       SH:  9    Dex: 22    Spells: 26/26 levels left

rFire    + . .     SeeInvis .   a - +9 quick blade (venom)
rCold    + + .     Gourm    .   Y - +2 buckler of Peemucao {rC+ Regen+ Int+3}
rNeg     + . .     Faith    .   y - +8 pearl dragon scales
rPois    .         Spirit   .   R - +2 helmet
rElec    +         Reflect  .   i - scarf {rC+ rF+}
rCorr    .         Harm     .   r - +2 pair of gloves {Str+3}
MR       +++..     Rnd*Tele +   P - +2 pair of boots {Stlth+}
Stlth    +++++++++.             M - amulet "Cetatuwn" {Acrobat rElec Dex+2}
HPRegen  0.00/turn              d - ring of protection from magic
MPRegen  0.23/turn              V - +6 ring of protection

@: berserk cooldown
A: small, rugged brown scales 1, blink, carnivore, clever 1, [frail 1],
[screaming 1], shaggy fur 1, [inhibited regeneration], [teleportitis 2], [weak
1], [no potion heal 2], [subdued magic 2]
}: 2/15 runes: barnacled, gossamer
a: Blink, Berserk, Trog's Hand, Brothers in Arms, Renounce Religion


You were on level 3 of the Abyss.
You worshipped Trog.
Trog was exalted by your worship.
You were not hungry.

You visited 8 branches of the dungeon, and saw 43 of its levels.
You visited the Abyss 2 times.
You visited 1 bazaar.
You also visited: Bailey, Ice Cave and Volcano.

You collected 5652 gold pieces.
You spent 4603 gold pieces at shops.

Inventory:

Hand Weapons
 a - a +9 quick blade of venom (weapon)
 b - the +7 captain's cutlass {speed, disarm}
   (You took it off a deep elf mage on level 3 of the Elven Halls)

   Attacks with this weapon are significantly faster.
 H - a +9 quick blade
Missiles
 e - 8 throwing nets
 F - 78 tomahawks of returning (quivered)
Armour
 i - a scarf of resistance (worn)
 r - a +2 pair of gloves of strength (worn)
 y - +8 pearl dragon scales (worn)
 P - a +2 pair of boots of stealth (worn)
 R - a +2 helmet (worn)
 Y - the +2 buckler of Peemucao (worn) {rC+ Regen+ Int+3}
   (You bought it in a shop on level 1 of the Elven Halls)

   It affects your intelligence (+3).
   It protects you from cold.
   It increases your rate of regeneration.
Jewellery
 d - a ring of protection from magic (left hand)
 l - the ring of Xilienla {rPois rC+ Int+3}
   (You acquired it on level 14 of the Dungeon)

   [ring of intelligence]

   It affects your intelligence (+3).
   It protects you from cold.
   It protects you from poison.
 t - the amulet "Perocwia" {Reflect Dex+3 SH+5}
   (You bought it in a shop on level 2 of the Orcish Mines)

   [amulet of reflection]

   It shields you and reflects attacks.
   It affects your dexterity (+3).
   It affects your SH (+5).
 M - the amulet "Cetatuwn" (around neck) {Acrobat rElec Dex+2}
   (You bought it in a shop on level 2 of the Orcish Mines)

   [amulet of the acrobat]

   It helps you evade while moving and waiting.
   It affects your dexterity (+2).
   It insulates you from electricity.
 Q - an uncursed ring of see invisible
 S - an uncursed ring of protection from magic
 U - an uncursed ring of protection from fire
 V - a +6 ring of protection (right hand)
Wands
 v - a wand of paralysis (13)
 G - a wand of acid (9)
 J - a wand of polymorph (61)
 N - a wand of digging (29)
 O - a wand of enslavement (41)
 X - a wand of disintegration (21)
 Z - a wand of iceblast (21)
Scrolls
 j - 16 scrolls of identify
 m - 5 scrolls of magic mapping
 u - 10 scrolls of teleportation
 x - 2 scrolls of fog
 z - 19 scrolls of remove curse
 A - 8 scrolls of blinking
 I - 9 scrolls of fear
Potions
 f - 17 potions of heal wounds
 g - 11 potions of might
 k - a potion of invisibility
 o - 13 potions of curing
 p - 5 potions of cancellation
 s - 3 potions of resistance
 w - 8 potions of mutation
 B - 2 potions of haste
 K - 8 potions of ambrosia
 L - a potion of berserk rage
 T - 2 potions of agility
Miscellaneous
 h - a phial of floods
 n - a lightning rod (4/4)
 q - 2 boxes of beasts
 C - a sack of spiders
 E - a phantom mirror
 W - a lamp of fire
Comestibles
 c - 79 rations


   Skills:
 - Level 20.0 Fighting
 O Level 27 Short Blades
 - Level 10.0 Throwing
 + Level 12.4 Armour
 - Level 24.0 Dodging
 O Level 27 Stealth
 - Level 5.6 Shields
 - Level 12.0 Evocations


You had 26 spell levels left.
You didn't know any spells.
Your spell library was empty.

Dungeon Overview and Level Annotations

Branches:
Dungeon (15/15)            Temple (0/1) D:6            Lair (6/6) D:10
 Shoals (4/4) Lair:4       Spider (4/4) Lair:2        Slime (0/5) Lair:5
    Orc (2/2) D:12            Elf (3/3) Orc:2        Vaults (4/5) D:13
  Crypt (0/3) Vaults:3     Depths (5/5) D:15            Zot (0/5) Depths:5

Altars:
Ashenzari
Cheibriados
Okawaru
Qazlal
Ru
Beogh
Jiyva

Shops:
D:6 :   D:7 %   D:8 *   Orc:2 ([%=   Elf:1 *   Vaults:2 [   Vaults:4 *
Depths:3 :[

Portals:
Hell: Depths:1 Depths:2 Depths:3 Depths:5
Abyss: Depths:5
Pandemonium: Depths:3
Ziggurat: Depths:2

Annotations:
Lair:4 exclusion: 2 oklob plants
Depths:4 Mennas


Innate Abilities, Weirdness & Mutations

You are small and have problems with some larger weapons.
You are carnivorous and can eat meat at any time.
You are partially covered in rugged brown scales. (AC +1, +3% HP)
You can translocate small distances at will.
Your mind is acute. (Int +2)
You are covered in fur. (AC +1)
[You are frail. (-10% HP)]
[You occasionally shout uncontrollably at your foes.]
[You do not regenerate when monsters are visible.]
[You are sometimes teleported next to monsters.]
[You are weak. (Str -2)]
[Potions are poor at restoring your health.]
[Your spells are easier to cast, but less powerful.]


Message History

The orange demon completely misses you. You block the orange demon's attack.
Evoke which item? (* to show all) (? for menu, Esc to quit)
Aiming: Enslavement
Press: ? - help, Shift-Dir - straight line, f - orange demon
Aim: an orange demon (chance to defeat MR: 41%)
The orange demon is charmed.
You block the starcursed mass's attack.
Your orange demon stings the starcursed mass from afar.
Okay, then.
You puncture the starcursed mass!
The starcursed mass is severely damaged.
You block the starcursed mass's attack.
You impale the starcursed mass!!
You destroy the starcursed mass!
Trog accepts your kill.
You catch the helpless starcursed mass completely off-guard!
You spit the starcursed mass like a pig!!!!
You destroy the starcursed mass!
Trog accepts your kill.
The starcursed mass shrieks in your mind.
You die...

#.#.... ..# .
#...... . ......
#.§§§.. ......
#.§§§§.####'####
.§§§.#.# ....#
X§§#.#....#
####§#.#...#
#...§.#4..##
#.##..#@# #
###.## # #.. # #
### . #.. #... #
#


You could see a starcursed mass and a friendly orange demon (unaware).

Vanquished Creatures
  Bai Suzhen (Vaults:2)
  4 caustic shrikes (Depths:5)
  2 golden dragons
  Nikola (Spider:4)
  Rupert (Orc:2)
  Asterion (Depths:1)
  A quicksilver dragon (Depths:5)
  3 deep elf blademasters
  A titan (Shoals:1)
  4 liches
  2 deep elf master archers (Elf:3)
  Frances (Spider:1)
  A tentacled starspawn (Abyss:3)
  Kirke (Lair:4)
  A tengu reaver (Depths:5)
  4 sphinxes
  Roxanne (Shoals:4)
  Donald (Orc:2)
  3 storm dragons
  A shadow dragon (Depths:5)
  A revenant (Abyss:3)
  6 deep elf sorcerers
  10 vault wardens
  11 frost giants
  2 orc warlords (Orc:2)
  15 fire giants
  5 ghost moths
  2 balrugs (Abyss:2)
  7 emperor scorpions
  4 deep elf elementalists (Elf:3)
  Aizul (Spider:4)
  A ghoul (Vaults:3)
  2 spriggan defenders (Depths:3)
  22 ironheart preservers
  A reaper (IceCv)
  4 entropy weavers
  18 stone giants
  17 very ugly things
  2 vampire knights
  7 deep elf demonologists
  A green draconian (Depths:5)
  A purple draconian (Depths:5)
  13 spark wasps
  A white draconian (Depths:5)
  A red draconian (Depths:5)
  10 deep elf annihilators
  2 yellow draconians (Depths:5)
  5 merfolk javelineers
  13 ettins
  14 fire dragons
  6 merfolk impalers
  Josephine (D:12)
  9 deep elf death magi
  2 great orbs of eyes (shapeshifter)
  8 yaktaur captains
  6 deep elf high priests
  8 great orbs of eyes
  7 hydras
  13 vault guards
  10 ice dragons
  4 merfolk avatars
  6 spriggan air magi
  9 centaur warriors
  A naga warrior (Depths:4)
  3 rakshasas
  5 merfolk aquamancers
  2 death knights
  29 dancing weapons
  2 satyrs (Shoals:3)
  17 ogre magi
  A catoblepas (Lair:2)
  20 deep troll shamans
  A death yak (Lair:2)
  3 vampire magi
  8 death scarabs (Spider:4)
  14 deep troll earth magi
  58 two-headed ogres
  A hell hog (Abyss:3)
  2 orc high priests (Orc:2)
  5 tengu warriors
  A shock serpent (Depths:2)
  A thrashing horror (Abyss:2)
  2 sun demons (Abyss:2)
  Urug (D:13)
  5 spriggan berserkers
  Sonja (D:12)
  A spectral emperor scorpion (Spider:4)
  Nergalle (Lair:4)
  5 skeletal warriors
  4 iron trolls
  29 deep elf knights
  4 shadow wraiths
  A titan skeleton (Depths:2)
  2 wretched stars (Abyss:3)
  3 salamander mystics (Depths:4)
  A sixfirhy (Depths:2)
  5 unseen horrors
  18 hell knights
  53 deep trolls
  A sea snake (shapeshifter) (Vaults:3)
  20 sea snakes
  2 flayed ghosts
  5 glowing orange brains
  3 spectral wolf spiders (Spider:4)
  19 deep elf archers
  A lindwurm (Lair:5)
  Pikel (D:11)
  13 ironbrand convokers
  3 phantasmal warriors
  4 wizards
  17 harpies
  10 orc knights
  A fire giant zombie (Depths:3)
  A stone giant zombie (Vaults:1)
  16 necromancers
  11 large abominations
  4 orc sorcerers
  14 orb spiders
  2 oklob plants
  A cyclops (shapeshifter) (Depths:2)
  A tengu skeleton (Depths:3)
  A mana viper (Abyss:3)
  4 cyclopes
  An iron dragon skeleton (Abyss:3)
  A salamander (shapeshifter) (Depths:2)
  13 fauns
  28 wolf spiders
  46 ugly things
  8 manticores
  2 human skeletons
  74 deep elf magi
  9 elephants
  5 water nymphs
  4 moths of wrath
  7 merfolk sirens
  2 naga magi
  2 black mambas
  5 vault sentinels
  2 frost giant skeletons
  Joseph (Lair:1)
  4 centaur zombies
  2 ice statues (IceCv)
  A smoke demon (Abyss:2)
  4 molten gargoyles (D:13)
  A black mamba (shapeshifter) (Vaults:3)
  An eye of devastation (shapeshifter) (Depths:5)
  2 spectral redbacks (Spider:4)
  3 gargoyles (D:14)
  2 efreet
  An elf zombie (Depths:3)
  A torpor snail (Lair:2)
  A centaur skeleton (D:14)
  A spriggan zombie (Depths:2)
  9 spiny frogs
  4 rime drakes
  2 redback zombies
  5 kobold demonologists
  10 komodo dragons
  A ghost moth simulacrum (Abyss:1)
  6 demonic crawlers
  A hellwing (Abyss:3)
  62 yaktaurs
  8 ice devils (IceCv)
  11 freezing wraiths
  2 red devils (Abyss:2)
  3 tengu conjurers
  4 polar bears
  A troll (shapeshifter) (Depths:3)
  2 meliai (shapeshifter)
  3 spectral tarantellas (Spider:4)
  31 jumping spiders
  4 spectral jumping spiders (Spider:4)
  A hornet (shapeshifter) (Elf:2)
  A queen bee (shapeshifter) (Vaults:3)
  22 merfolk
  3 wind drakes
  10 hornets
  10 trolls
  Grinder (D:3)
  2 jumping spider zombies (Spider:4)
  25 slime creatures
  9 raiju
  7 snapping turtles
  4 dream sheep (Shoals:3)
  16 hippogriffs
  2 tarantella zombies (Spider:4)
  16 blink frogs
  58 redbacks
  2 spriggans (Depths:5)
  Sigmund (D:4)
  4 air elementals
  3 shadows
  31 yaks
  5 wraiths
  2 wyverns (Lair:4)
  24 tarantellas
  An ettin skeleton (Depths:3)
  Eustachio (D:7)
  2 ynoxinuls
  6 hogs
  A human (D:11)
  3 basilisks
  6 fire bats (Volcano)
  24 water elementals
  A yaktaur simulacrum (Vaults:3)
  A chaos spawn (Abyss:3)
  A steam dragon (D:11)
  A hungry ghost (D:8)
  8 vampire mosquitoes
  7 wargs
  2 acid dragons
  14 small abominations
  A soldier ant (D:13)
  4 floating eyes
  3 spectral hornets (Spider:4)
  20 water moccasins
  17 porcupines
  4 slaves
  A black bear (D:10)
  2 hornet zombies
  40 orc warriors
  2 ice beasts (shapeshifter)
  An ice beast (D:15)
  2 sky beasts
  A spriggan simulacrum (Depths:2)
  2 human zombies (Vaults:1)
  44 ogres
  7 wolves
  32 centaurs
  3 phantoms
  11 boggarts
  18 crocodiles
  3 big kobolds (D:13)
  21 bullfrogs
  A yaktaur skeleton (Vaults:1)
  2 earth elementals (Elf:3)
  A wyvern zombie (D:14)
  7 scorpions
  A wyvern skeleton (D:14)
  2 water moccasin skeletons
  A human simulacrum (Vaults:1)
  6 killer bees (D:9)
  2 howler monkeys
  5 lava snakes (Volcano)
  4 crimson imps
  17 starcursed masses (Abyss:3)
  21 orc priests
  2 bullfrog zombies
  7 hounds
  3 jellies
  An iron imp (Abyss:3)
  A bullfrog skeleton (D:13)
  2 gnoll shamans
  7 iguanas
  32 orc wizards
  10 worker ants
  A hound zombie (D:10)
  4 hound skeletons
  2 worker ant zombies
  28 gnolls
  15 adders
  4 shadow imps
  23 white imps
  6 ufetubi (IceCv)
  An ooze (D:3)
  An adder zombie (D:8)
  3 worms
  3 dart slugs
  2 leopard geckos
  117 orcs
  4 bats
  4 giant cockroaches
  13 goblins
  15 hobgoblins
  17 jackals
  26 kobolds
  4 quokkas
  2 ball pythons
  4 frilled lizards
  An orc zombie (Abyss:3)
  A quokka skeleton (D:6)
  9 rats
  A crawling corpse (Vaults:4)
  2 starspawn tentacles (Abyss:3)
2216 creatures vanquished.

Vanquished Creatures (collateral kills)
  Boris (Vaults:2)
  Jory (Depths:3)
  Ilsuiw (Shoals:4)
  A vault warden (Vaults:4)
  2 ironheart preservers
  2 stone giants (Shoals:1)
  An ettin (Depths:1)
  2 merfolk impalers (Shoals:4)
  A merfolk javelineer (Shoals:4)
  An ogre mage (Vaults:4)
  2 merfolk aquamancers (Shoals:4)
  4 two-headed ogres
  A hell knight (Depths:5)
  A deep troll (Vaults:2)
  A flayed ghost (Depths:1)
  A kraken simulacrum (Shoals:4)
  A cyclops (Shoals:1)
  A freezing wraith (Vaults:4)
  An orc warrior (Vaults:4)
  5 ogres
  An orc wizard (Orc:2)
  2 goblins (Depths:1)
  A tentacle (Shoals:4)
35 creatures vanquished.

Vanquished Creatures (others)
  A stone giant (Depths:3)
  An entropy weaver (Vaults:4)
  2 merfolk javelineers
  A yaktaur captain (Depths:3)
  4 satyrs
  2 deep elf knights
  4 deep elf archers
  A wolf spider (Spider:1)
  An orb spider (Spider:4)
  A cyclops (Vaults:2)
  2 yaktaurs
  A jumping spider (Spider:4)
  A human (Lair:4)
  A neqoxec (Abyss:3)
  2 boggarts
  A centaur (Vaults:1)
  A white imp (IceCv)
  4 ufetubi (IceCv)
  An orc (Orc:2)
  A goblin (Depths:1)
  13 fungi
  A lurking horror (Abyss:3)
  38 plants
  26 starspawn tentacles (Abyss:3)
  6 tentacles (Shoals:4)
117 creatures vanquished.

Grand Total: 2368 creatures vanquished

Notes
Turn   | Place    | Note
-------+----------+-------------------------------------------
     0 | D:1      | MisterFreud the Kobold Berserker began the quest for the Orb.
     0 | D:1      | Reached XP level 1. HP: 14/14 MP: 1/1
    22 | D:1      | Reached skill level 1 in Stealth
   266 | D:1      | Reached XP level 2. HP: 15/19 MP: 2/2
   576 | D:1      | Reached XP level 3. HP: 4/23 MP: 3/3
  1206 | D:1      | Reached skill level 5 in Short Blades
  1324 | D:2      | Reached XP level 4. HP: 28/28 MP: 4/4
  1613 | D:2      | Reached ** piety under Trog
  1904 | D:2      | Found a stormy altar of Qazlal.
  2302 | D:3      | Reached XP level 5. HP: 32/32 MP: 5/5
  2791 | D:3      | Noticed Grinder
  2803 | D:3      | Killed Grinder
  2803 | D:3      | Reached XP level 6. HP: 25/37 MP: 6/6
  2940 | D:3      | Reached *** piety under Trog
  3113 | D:3      | Found a sacrificial altar of Ru.
  3192 | D:4      | Reached XP level 7. HP: 31/41 MP: 7/7
  3596 | D:4      | Noticed Sigmund
  3597 | D:4      | Found a snail-covered altar of Cheibriados.
  3598 | D:4      | Killed Sigmund
  3866 | D:4      | Reached XP level 8. HP: 27/46 MP: 8/8
  4275 | D:4      | Reached skill level 10 in Short Blades
  4395 | D:5      | Entered Level 5 of the Dungeon
  5884 | D:6      | Noticed Eustachio
  6271 | D:6      | Reached XP level 9. HP: 48/51 MP: 9/9
  6296 | D:6      | Reached **** piety under Trog
  6987 | D:7      | Found Oray's Food Shoppe.
  7003 | D:7      | Killed Eustachio
  7431 | D:7      | Reached skill level 1 in Evocations
  7514 | D:8      | Noticed Pikel
  8258 | D:8      | Found the +4 moon troll leather armour {Spirit, Regen++ MP+5}
  8278 | D:8      | Reached XP level 10. HP: 48/58 MP: 12/12
  8385 | D:7      | Reached skill level 5 in Fighting
  8411 | D:7      | Reached skill level 5 in Dodging
  8475 | D:8      | Paralysed by a hornet for 3 turns
  8481 | D:8      | Reached skill level 5 in Evocations
  8581 | D:8      | Noticed a two-headed ogre
  8582 | D:8      | Noticed a two-headed ogre
  8592 | D:8      | Killed a two-headed ogre
  8602 | D:8      | Killed a two-headed ogre
  8836 | D:8      | Found Risup's Assorted Antiques.
  9171 | D:9      | Noticed a cyan ugly thing
  9202 | D:8      | Killed a cyan ugly thing
  9202 | D:8      | Reached XP level 11. HP: 23/67 MP: 6/15
  9317 | D:9      | Reached ***** piety under Trog
  9878 | D:9      | Noticed a two-headed ogre
  9886 | D:9      | Killed a two-headed ogre
  9886 | D:9      | Reached skill level 10 in Dodging
 10328 | D:6      | Found a staircase to the Ecumenical Temple.
 10333 | D:6      | Found Hocumep's Book Boutique.
 10570 | D:10     | Entered Level 10 of the Dungeon
 10839 | D:10     | Noticed a two-headed ogre
 10853 | D:10     | Killed a two-headed ogre
 10853 | D:10     | Reached skill level 10 in Fighting
 11163 | D:10     | Found a staircase to the Lair.
 11448 | Lair:1   | Entered Level 1 of the Lair of Beasts
 11448 | Lair:1   | Noticed an oklob plant
 11686 | Lair:1   | Noticed Joseph
 11701 | Lair:1   | Killed Joseph
 11705 | Lair:1   | Received a gift from Trog
 11705 | Lair:1   | Reached XP level 12. HP: 77/77 MP: 16/16
 11881 | Lair:1   | Reached skill level 5 in Armour
 12381 | Lair:2   | Noticed a four-headed hydra
 12399 | Lair:2   | Killed a four-headed hydra
 12490 | Lair:2   | Found a hole to the Spider Nest.
 12579 | Lair:2   | Noticed a death yak
 12620 | Lair:2   | Killed a death yak
 12842 | Lair:2   | Noticed a catoblepas
 12850 | Lair:2   | Killed a catoblepas
 13286 | Lair:3   | Found a dark tunnel.
 13301 | Volcano  | Entered a volcano
 13835 | Lair:3   | Reached XP level 13. HP: 78/87 MP: 17/17
 14621 | Lair:4   | Reached skill level 1 in Shields
 14682 | Lair:4   | Found a staircase to the Shoals.
 14944 | Lair:4   | Noticed Nergalle
 14951 | Lair:4   | Killed Nergalle
 14995 | Lair:4   | Noticed Kirke
 15156 | Lair:4   | Reached skill level 10 in Stealth
 15162 | Lair:4   | Noticed a six-headed hydra
 15167 | Lair:4   | Noticed a six-headed hydra
 15188 | Lair:4   | Killed a six-headed hydra
 15192 | Lair:4   | Killed a six-headed hydra
 15203 | Lair:4   | Killed Kirke
 15203 | Lair:4   | Received a gift from Trog
 15211 | Lair:4   | Got a translucent dagger {god gift}
 15212 | Lair:4   | Identified the +4 dagger of Limitation {speed, rF+} (Trog gifted it to you on level 4 of the Lair of Beasts)
 15235 | Lair:4   | Got a pair of warped gloves
 15246 | Lair:4   | Identified the +0 pair of gloves of Feirot {Regen+ rCorr Int+4} (You found it on level 4 of the Lair of Beasts)
 15841 | Lair:5   | Reached skill level 5 in Shields
 16193 | Lair:5   | Reached XP level 14. HP: 96/96 MP: 18/18
 16229 | Lair:5   | Received a gift from Trog
 16555 | Lair:5   | Found a viscous altar of Jiyva.
 16556 | Lair:5   | Found a staircase to the Slime Pits.
 16674 | Lair:6   | Entered Level 6 of the Lair of Beasts
 17110 | Lair:6   | Reached ****** piety under Trog
 17776 | Lair:6   | Received a gift from Trog
 18647 | D:11     | Reached skill level 15 in Dodging
 18677 | D:11     | Killed Pikel
 18894 | D:11     | Reached skill level 15 in Short Blades
 18894 | D:11     | Reached XP level 15. HP: 100/100 MP: 19/19
 19142 | D:11     | Identified a scroll of acquirement
 19449 | D:12     | Found a shattered altar of Ashenzari.
 19449 | D:12     | Noticed Sonja
 19455 | D:12     | Killed Sonja
 19747 | D:12     | Found a staircase to the Orcish Mines.
 19847 | D:12     | Noticed Josephine
 19851 | D:12     | Found the +8 autumn katana {slice, Clar}
 19878 | D:12     | Killed Josephine
 20017 | D:12     | Found a flagged portal.
 20028 | Bailey   | Entered a bailey
 20442 | D:13     | Reached skill level 1 in Throwing
 20686 | D:13     | Noticed Urug
 20704 | D:13     | Killed Urug
 20900 | D:13     | Found a gate to the Vaults.
 21055 | D:13     | Received a gift from Trog
 21102 | D:13     | Reached skill level 5 in Throwing
 21286 | D:13     | Received a gift from Trog
 21517 | D:14     | Found a frozen archway.
 21600 | IceCv    | Entered an ice cave
 22029 | IceCv    | Noticed a reaper
 22055 | IceCv    | Killed a reaper
 22095 | IceCv    | Found the +8 glaive of the Guard {elec, +Rage AC+5 SInv}
 22097 | IceCv    | Got a vibrating ivory amulet
 22367 | D:14     | Reached XP level 16. HP: 106/106 MP: 20/20
 22518 | D:14     | Received a gift from Trog
 22598 | D:14     | Identified the amulet of Mafutz {Spirit rC- Str+4 Dex+3 Stlth+} (You found it in an ice cave)
 22601 | D:14     | Got a glittering amber ring
 22603 | D:14     | Got a wavering pewter ring
 22727 | D:14     | Identified the ring of Feehit {rCorr rPois} (You acquired it on level 14 of the Dungeon)
 23023 | D:14     | Found the +9 sword of Zonguldrok {reap}
 23428 | D:15     | Entered Level 15 of the Dungeon
 23577 | D:15     | Identified the ring of Xilienla {rPois rC+ Int+3} (You acquired it on level 14 of the Dungeon)
 23886 | D:15     | Found a staircase to the Depths.
 24054 | D:15     | Reached XP level 17. HP: 111/111 MP: 21/21
 24484 | Orc:1    | Entered Level 1 of the Orcish Mines
 24983 | Orc:2    | Entered Level 2 of the Orcish Mines
 24987 | Orc:2    | Found a staircase to the Elven Halls.
 24988 | Orc:2    | Received a gift from Trog
 24989 | Orc:2    | Noticed Donald
 25017 | Orc:2    | Killed Donald
 25300 | Orc:2    | Found a roughly hewn altar of Beogh.
 25305 | Orc:2    | Found Oschet's Jewellery Emporium.
 25326 | Orc:2    | Upgraded the game from 0.22-a0-423-g4197694 to 0.22-a0-425-g89d60a1
 25326 | Orc:2    | Bought the amulet "Perocwia" {Reflect Dex+3 SH+5} for 763 gold pieces
 25659 | Orc:2    | Found a roughly hewn altar of Beogh.
 25716 | Orc:2    | Found Vumiaq's Antique Weapon Emporium.
 25716 | Orc:2    | Found a roughly hewn altar of Beogh.
 25945 | Orc:2    | Received a gift from Trog
 26098 | Orc:2    | Found Quniyfol's Antique Armour Shoppe.
 26115 | Orc:2    | Bought a pair of embroidered boots for 255 gold pieces
 26179 | Orc:2    | Noticed Rupert
 26198 | Orc:2    | Killed Rupert
 26263 | Orc:2    | Found a roughly hewn altar of Beogh.
 26418 | Orc:2    | Found a roughly hewn altar of Beogh.
 26570 | Orc:2    | Found a roughly hewn altar of Beogh.
 26572 | Orc:2    | Found Piozxuli's Food Emporium.
 27100 | Shoals:1 | Entered Level 1 of the Shoals
 27388 | Shoals:1 | Reached XP level 18. HP: 101/117 MP: 21/24
 27430 | Shoals:1 | Received a gift from Trog
 28043 | Shoals:2 | Received a gift from Trog
 28138 | Shoals:2 | Reached skill level 15 in Fighting
 28871 | Shoals:3 | Reached skill level 10 in Evocations
 29592 | Spider:1 | Entered Level 1 of the Spider Nest
 29618 | Spider:1 | Received a gift from Trog
 29881 | Spider:1 | Received a gift from Trog
 30065 | Spider:1 | Noticed Frances
 30110 | Spider:1 | Killed Frances
 31050 | Spider:2 | Reached XP level 19. HP: 125/125 MP: 26/26
 31762 | Spider:2 | Received a gift from Trog
 32007 | Spider:3 | Reached skill level 10 in Throwing
 32123 | Spider:3 | Received a gift from Trog
 32524 | Spider:4 | Entered Level 4 of the Spider Nest
 32527 | Spider:4 | Noticed Nikola
 32698 | Shoals:1 | Noticed a titan
 32724 | Shoals:1 | Killed a titan
 32796 | Shoals:1 | Received a gift from Trog
 32853 | Shoals:4 | Entered Level 4 of the Shoals
 33051 | Shoals:4 | Noticed Ilsuiw
 33064 | Shoals:4 | Killed Ilsuiw
 33183 | Shoals:3 | Received a gift from Trog
 33616 | Shoals:4 | Got a barnacled rune of Zot
 33795 | Shoals:4 | Noticed Roxanne
 33921 | Shoals:4 | Killed Roxanne
 34252 | Shoals:4 | Reached XP level 20. HP: 131/131 MP: 27/27
 34274 | Shoals:4 | Got a fine hand crossbow
 34275 | Shoals:4 | Identified the +7 hand crossbow of the Enemy {venom, rC- MP+9 Str+2 Dex+4} (You found it on level 4 of the Shoals)
 34771 | Orc:2    | Bought the amulet "Cetatuwn" {Acrobat rElec Dex+2} for 674 gold pieces
 35137 | Spider:4 | Killed Nikola
 35145 | Spider:4 | Noticed Aizul
 35181 | Spider:4 | Killed Aizul
 35230 | Spider:3 | Received a gift from Trog
 35910 | Spider:4 | Reached skill level 10 in Armour
 36192 | Spider:4 | Received a gift from Trog
 36536 | Spider:4 | Received a gift from Trog
 36665 | Spider:4 | Got a pair of translucent gloves
 36676 | Spider:4 | Identified the +4 pair of gloves "Kikk" {-Cast MR- rCorr Int+4 SInv} (You acquired it on level 4 of the Spider Nest)
 37031 | Spider:4 | Received a gift from Trog
 37248 | Spider:4 | Got a gossamer rune of Zot
 37563 | Vaults:1 | Entered Level 1 of the Vaults
 37650 | Vaults:1 | Received a gift from Trog
 38304 | Vaults:1 | Cast into level 3 of the Abyss (a deep elf sorcerer)
 38451 | Vaults:1 | Escaped the Abyss
 38662 | Vaults:1 | Reached XP level 21. HP: 119/136 MP: 28/28
 38962 | Vaults:1 | Received a gift from Trog
 40122 | Vaults:2 | Found Vowkuot's Armour Emporium.
 40272 | Vaults:2 | Received a gift from Trog
 40388 | Vaults:2 | Received a gift from Trog
 40649 | Vaults:2 | Received a gift from Trog
 40762 | Vaults:2 | Received a gift from Trog
 41202 | Vaults:2 | Noticed Boris
 41245 | Vaults:2 | Killed Boris
 41245 | Vaults:2 | Reached XP level 22. HP: 142/142 MP: 24/29
 41743 | Vaults:2 | Noticed Bai Suzhen
 41784 | Vaults:2 | Killed Bai Suzhen
 42108 | Vaults:3 | Received a gift from Trog
 42937 | Vaults:3 | Found a staircase to the Crypt.
 43502 | Vaults:3 | Received a gift from Trog
 43823 | Vaults:4 | Received a gift from Trog
 44094 | Vaults:4 | Reached XP level 23. HP: 110/147 MP: 22/30
 44397 | Vaults:4 | Reached skill level 27 in Short Blades
 44713 | Vaults:4 | Found Nurph's Assorted Antiques.
 44815 | Vaults:4 | Bought a pair of fine boots for 361 gold pieces
 44817 | Vaults:4 | Identified the cursed +0 pair of boots of Dramatic Exits {Dex+5} (You bought it in a shop on level 4 of the Vaults)
 44966 | Vaults:4 | Received a gift from Trog
 45320 | Vaults:4 | Received a gift from Trog
 46007 | Vaults:4 | Received a gift from Trog
 46460 | Elf:1    | Entered Level 1 of the Elven Halls
 46717 | Elf:1    | Found Vuaqaidgh's General Store.
 46731 | Elf:1    | Received a gift from Trog
 46742 | Elf:1    | Bought the +2 buckler of Peemucao {rC+ Regen+ Int+3} for 487 gold pieces
 47121 | Elf:1    | Received a gift from Trog
 47347 | Elf:2    | Reached XP level 24. HP: 157/157 MP: 30/30
 47707 | Elf:2    | Found a runed gate.
 47778 | Elf:2    | Received a gift from Trog
 47856 | Elf:2    | Found a runed gate.
 47859 | Elf:2    | Found a runed gate.
 48093 | Elf:2    | Received a gift from Trog
 48424 | Elf:2    | Received a gift from Trog
 48704 | Elf:3    | Entered Level 3 of the Elven Halls
 48818 | Elf:3    | Received a gift from Trog
 49048 | Elf:3    | Received a gift from Trog
 49394 | Elf:3    | Received a gift from Trog
 50395 | Elf:3    | Received a gift from Trog
 50486 | Elf:3    | Reached XP level 25. HP: 140/166 MP: 24/30
 50605 | Elf:3    | Got a vibrating iron ring
 50606 | Elf:3    | Identified the ring of Votolimeune {Fire Int+2} (You found it on level 3 of the Elven Halls)
 50980 | Depths:1 | Entered Level 1 of the Depths
 51535 | D:14     | Got a smoking plate armour
 51536 | D:14     | Identified the +4 plate armour of Noon {rCorr Str-5 Int+8 SInv} (You found it on level 14 of the Dungeon)
 51673 | Vaults:2 | Bought a +1 pair of gloves of strength for 330 gold pieces
 52234 | Depths:1 | Found a gateway to a bazaar.
 52236 | Depths:1 | Noticed Asterion
 52268 | Depths:1 | Killed Asterion
 52615 | D:8      | Bought a scroll of enchant armour for 172 gold pieces
 52615 | D:8      | Bought an encrusted copper ring for 115 gold pieces
 53318 | Depths:1 | Found a gateway to Hell.
 53684 | Depths:1 | Upgraded the game from 0.22-a0-425-g89d60a1 to 0.22-a0-429-g97ce8ef
 54140 | Depths:2 | Found the +4 arc blade {discharge, rElec}
 54169 | Depths:2 | Received a gift from Trog
 54664 | Depths:2 | Found a gateway to a ziggurat.
 55512 | Depths:3 | Noticed Jory
 55564 | Depths:3 | Found an iron altar of Okawaru.
 55659 | Depths:3 | Paralysed by a floating eye for 3 turns
 55834 | Depths:3 | Found Xuphopp's Armour Emporium.
 55859 | Depths:3 | Found Plog's Book Boutique.
 55904 | Depths:3 | Received a gift from Trog
 56167 | Depths:3 | Received a gift from Trog
 56333 | Depths:3 | Reached skill level 15 in Stealth
 56437 | Depths:3 | Reached XP level 26. HP: 173/174 MP: 30/30
 57153 | Depths:3 | Killed Jory
 57730 | Depths:3 | Received a gift from Trog
 58594 | Depths:3 | Found a one-way gate leading to the halls of Pandemonium.
 59250 | Depths:4 | Received a gift from Trog
 59429 | Depths:4 | Noticed Mennas
 59666 | Bazaar   | Entered a bazaar
 59683 | Bazaar   | Found Lastrilih's Book Shoppe.
 59706 | Bazaar   | Found Sonnoboc's Antique Armour Shop.
 59753 | Bazaar   | Found Ahook's Food Shoppe.
 59764 | Bazaar   | Found Canloos's Antique Armour Emporium.
 59772 | Bazaar   | Bought a glowing helmet for 232 gold pieces
 59815 | Bazaar   | Bought a manual of Stealth for 1214 gold pieces
 60040 | Depths:5 | Entered Level 5 of the Depths
 60138 | Depths:5 | Reached XP level 27. HP: 179/179 MP: 30/30
 60299 | Depths:5 | Found a one-way gate to the infinite horrors of the Abyss.
 60332 | Depths:5 | Gained mutation: [You do not regenerate when monsters are visible.] [a cacodemon]
 60350 | Depths:5 | Gained mutation: You are clumsy. (Dex -2) [a cacodemon]
 60351 | Depths:5 | Gained mutation: You are resistant to hostile enchantments. (MR+) [a cacodemon]
 60352 | Depths:5 | Gained mutation: Armour fits poorly on your strangely shaped body. [a cacodemon]
 60560 | Depths:5 | Lost mutation: [You do not regenerate when monsters are visible.] [potion of mutation]
 60560 | Depths:5 | Lost mutation: You are resistant to hostile enchantments. (MR+) [potion of mutation]
 60560 | Depths:5 | Lost mutation: Armour fits poorly on your strangely shaped body. [potion of mutation]
 60560 | Depths:5 | Lost mutation: You are clumsy. (Dex -2) [potion of mutation]
 60560 | Depths:5 | Gained mutation: You passively map a small area around you. [potion of mutation]
 60560 | Depths:5 | Gained mutation: You tend to lose your temper in combat. [potion of mutation]
 60560 | Depths:5 | Gained mutation: Your muscles are strong. (Str +2) [potion of mutation]
 60560 | Depths:5 | Gained mutation: You are agile. (Dex +2) [potion of mutation]
 60561 | Depths:5 | Lost mutation: You are agile. (Dex +2) [potion of mutation]
 60561 | Depths:5 | Lost mutation: Your muscles are strong. (Str +2) [potion of mutation]
 60561 | Depths:5 | Gained mutation: [You are occasionally teleported next to monsters.] [potion of mutation]
 60561 | Depths:5 | Lost mutation: You tend to lose your temper in combat. [potion of mutation]
 60562 | Depths:5 | Lost mutation: [You are occasionally teleported next to monsters.] [potion of mutation]
 60562 | Depths:5 | Lost mutation: You passively map a small area around you. [potion of mutation]
 60562 | Depths:5 | Gained mutation: You are partially covered in rugged brown scales. (AC +1, +3% HP) [potion of mutation]
 60562 | Depths:5 | Gained mutation: You are covered in fur. (AC +1) [potion of mutation]
 60562 | Depths:5 | Gained mutation: You can translocate small distances at will. [potion of mutation]
 60562 | Depths:5 | Gained mutation: Your mind is acute. (Int +2) [potion of mutation]
 60968 | Depths:5 | Received a gift from Trog
 62360 | Depths:5 | Received a gift from Trog
 62563 | Depths:5 | Found a gate to the Realm of Zot.
 62771 | Depths:5 | Reached skill level 27 in Stealth
 63192 | Depths:5 | Voluntarily entered the Abyss.
 63370 | Abyss:2  | Found a corrupted altar of Lugonu.
 63853 | Abyss:3  | Paralysed by accursed screaming for 1 turns
 63858 | Abyss:3  | Paralysed by accursed screaming for 2 turns
 63888 | Abyss:3  | Paralysed by accursed screaming for 2 turns
 64073 | Abyss:3  | Received a gift from Trog
 64313 | Abyss:3  | Paralysed by accursed screaming for 2 turns
 64317 | Abyss:3  | Paralysed by accursed screaming for 1 turns
 64325 | Abyss:3  | HP: 2/166 [starcursed mass/accursed screaming (9)]
 64331 | Abyss:3  | Killed from afar by a starcursed mass

Vault maps used:
D:1:      dpeg_arrival_rhombus
D:2:      corexii_shack, grunt_qazlal_clouds
D:3:      nicolae_ru_path_of_blood, uniq_grinder
D:4:      old_standard_altar, uniq_sigmund
D:5:      first_ration, lemuel_flame_loot_1
D:6:      minmay_temple_entry_mist, serial_shops, shop, uniq_eustachio
D:7:      serial_shops, nicolae_shop_behind_doors
D:8:      minmay_cut_squares, serial_shops, shop, uniq_pikel
D:10:     grunt_lair_entry_orc_guard_hut
D:11:     grunt_livestock
D:12:     orc_0_dummy, enter_bailey_3, basic_altar, uniq_josephine, uniq_sonja
D:13:     erik_vaults_2, minivault_8, uniq_urug
D:14:     portal_ice_cave_entry_imps, laboratory
D:15:     grunt_enter_depths_magical_seal
Lair:1:   dpeg_stationary_puzzle, uniq_joseph
Lair:2:   spider_nest_entry_rubble, beast_lair_carwin_3
Lair:3:   lightli_volcano_entry_magma_tube, beast_lair_carwin_10
Lair:4:   minmay_shoals_entry_centaurs, dpeg_oklob_1, grunt_megastairs_1,
          lemuel_fruit_fields, infiniplex_staircase_pool, serial_bayou_shore_a,
          uniq_nergalle, uniq_kirke
Lair:5:   cheibrodos_lair_overgrown_chateau, dpeg_slime_entry_enclosed_altar,
          st_stairs_9
Lair:6:   gammafunk_lair_ancient_temple, serial_bayou_shore_b
Shoals:1: cheibrodos_shoals_gigantism
Shoals:4: shoals_end_grunt_ice, shoals_ilsuiw_ice, uniq_roxanne
Spider:1: uniq_frances
Spider:4: floodkiller_spider_rune_tomb, uniq_nikola, uniq_aizul
Orc:2:    grunt_orc_community_town_hall, grunt_orc_community_big_house_1,
          grunt_orc_community_big_house_1, grunt_orc_community_house_3,
          grunt_orc_community_house_2, grunt_orc_community_house_3,
          grunt_orc_community_house_3, grunt_orc_community_house_3,
          grunt_orc_community_house_1, uniq_rupert, uniq_donald
Elf:1:    eino_elf_arrival_the_gate, serial_shops, shop, evilmike_minifort
Elf:3:    minmay_elf_hall_not_hex, corexii_leaking_fountain, nicolae_wwwww,
          spider_trap, nrook_loot_triangle
Vaults:1: ontoclasm_vaults_loading_screen, vaults_mumra_minichess_inversion,
          ontoclasm_vaults_bender, vaults_dpeg_encased_lava, v_misc_1,
          vaults_mumra_lcd, vaults_room_corners, ontoclasm_vaults_shuriken,
          v_misc_24, vaults_room_hallway
Vaults:2: nicolae_vaults_asterisk, grunt_vaults_focal,
          nicolae_vaults_little_squares_4, nicolae_vaults_ring_of_whatevers,
          v_misc_15, v_misc_15, serial_shops, shop, uniq_boris, uniq_bai_suzhen
Vaults:3: v_rooms_3, minmay_crypt_entry_simple_statues, vaults_room_corners,
          hangedman_vaults_stitches, nicolae_vaults_what_the_h,
          vaults_room_grid, nicolae_vaults_fighting_squares, v_misc_10,
          nicolae_vaults_three_branches, hangedman_vaults_stretched_pinwheel,
          vaults_dpeg_diagonal, ontoclasm_vaults_twist, vaults_dpeg_ring
Vaults:4: v_pattern_4, v_misc_18, vaults_room_large_hall,
          vaults_standard_mumra_enter_the_diamond, hangedman_vaults_cutoff,
          st_spiral_rooms, v_misc_22, v_rooms_2,
          hangedman_vaults_stretched_pinwheel, hangedman_vaults_stream,
          v_misc_22, vaults_dpeg_hooks, serial_shops, shop
Depths:1: pf_vacation_house_of_asmodeus, serial_sigils,
          serial_sigils_hangedman_carve, serial_sigils_hangedman_etch,
          serial_sigils_hangedman_scratch, serial_sigils_hangedman_confine,
          serial_sigils_hangedman_snap, serial_shops, bzr_entry_customers,
          library_closet, uniq_asterion
Depths:2: minmay_shoctagon, enter_ziggurat_e, minmay_misc_feat_chi, hell_entry
Depths:3: nooodl_heptagram, hell_entry, serial_shops, shop,
          nicolae_shop_behind_doors, nrook_pool_corridor, pan_entry,
          okawaru_ov_weapons_minmay, uniq_jory
Depths:4: hangedman_six_sided_sadism, hangedman_coc_ice_floe, abyss_entry,
          uniq_mennas
Depths:5: grunt_runaround, hell_entry, abyss_entry, serial_shops
Abyss:1:  hangedman_abyss_shoalhut
Abyss:2:  hangedman_abyss_town, gammafunk_abyss_exit_x_factor,
          lemuel_flamethrower_3
Abyss:3:  hangedman_elemental_corridor, evilmike_abyss_exit_1
Bazaar:   bazaar_kenran_forest_clearing
Bailey:   bailey_axe_2, bailey
IceCv:    ice_cave_small_demon
Volcano:  volcano_grotto

Skill      XL: |  1  2  3  4  5  6  7  8  9 10 11 12 13 14 15 16 17 18 19 20 21 22 23 24 25 26 27 |
---------------+----------------------------------------------------------------------------------+-----
Stealth        | 1 2 3 4 6 8 10 15 21 27 | 27.0
Short Blades   | 5 7 9 12 14 15 17 19 20 23 26 27 | 27.0
Evocations     | 3 6 8 10 12 | 12.0
Dodging        | 4 8 10 15 17 20 21 22 24 | 24.0
Fighting       | 4 7 10 12 14 16 17 19 20 | 20.0
Armour         | 4 6 7 8 12 | 12.4
Shields        | 5 |  5.6
Throwing       | 6 8 9 10 | 10.0

Action                   |  1- 3 |  4- 6 |  7- 9 | 10-12 | 13-15 | 16-18 | 19-21 | 22-24 | 25-27 || total
-------------------------+-------+-------+-------+-------+-------+-------+-------+-------+-------++-------
Melee: Short sword       |    88 |   173 |       |       |       |       |       |       |       ||   261
       Rapier            |       |    45 |   435 |   492 |       |       |       |       |       ||   972
       Quick blade       |       |       |       |   376 |  2163 |  1705 |  2975 |  2948 |  3524 || 13691
       Cutlass           |       |       |       |       |       |       |       |       |   491 ||   491
Throw: Tomahawk          |       |       |       |       |       |    72 |    65 |     2 |    55 ||   194
       Throwing net      |       |       |       |       |       |       |       |     1 |     1 ||     2
Invok: Berserk           |     2 |     1 |     7 |    10 |    13 |    14 |    18 |    14 |    20 ||    99
       Trog's Hand       |       |       |     1 |       |       |     4 |     3 |     3 |     7 ||    18
       Brothers in Arms  |       |       |       |       |       |     2 |     4 |     2 |     4 ||    12
Evoke: Wand              |       |       |       |     2 |     4 |     3 |     6 |     6 |    12 ||    33
  Use: Scroll            |     1 |       |    13 |     5 |    13 |    13 |     9 |     5 |    24 ||    83
       Potion            |       |       |       |       |       |     2 |     2 |       |     8 ||    12
 Stab: Sleeping          |     4 |     6 |     9 |    12 |    31 |    37 |    24 |    48 |    25 ||   196
       Distracted        |       |       |     1 |     1 |     5 |     1 |     8 |     4 |     9 ||    29
       Invisible         |       |       |       |       |       |       |     5 |       |       ||     5
  Eat: Chunk             |    11 |     7 |    22 |    28 |    41 |    44 |    53 |    44 |    63 ||   313
Armor: Animal skin       |     8 |    16 |     5 |       |       |       |       |       |       ||    29
       Robe              |       |       |    43 |       |       |       |       |       |       ||    43
       Troll leather arm |       |       |       |   105 |   150 |   137 |   211 |   131 |     1 ||   735
       Pearl dragon scal |       |       |       |       |       |       |       |       |   385 ||   385
Dodge: Dodged            |    45 |   141 |   236 |   464 |   886 |   685 |  1422 |   845 |  1722 ||  6446
Block: Buckler           |       |       |       |       |   243 |   452 |   691 |   629 |   973 ||  2988
       Reflection        |       |       |       |       |       |    36 |    55 |    71 |    43 ||   205

Table legend:
 A = Spawn XP
 B = Non-spawn XP
 C = Spawn XP percentage of total XP
 D = Spawn monster count
 E = Non-spawn monster count
 F = Spawn count percentage of total count
 G = Total turns spent on level
                    A         B        C        D         E        F      G
               +---------+---------+-------+---------+---------+-------+---------
         Total |   18020 | 1140493 |   1.6 |      28 |    2237 |   1.2 | 64331
               +---------+---------+-------+---------+---------+-------+---------
           D:1 |       0 |      52 |   0.0 |       0 |      23 |   0.0 |  1305
           D:2 |       0 |      80 |   0.0 |       0 |      27 |   0.0 |  1195
           D:3 |       0 |     350 |   0.0 |       0 |      24 |   0.0 |   640
           D:4 |       0 |     626 |   0.0 |       0 |      17 |   0.0 |  1324
           D:5 |       0 |     513 |   0.0 |       0 |      21 |   0.0 |  1408
           D:6 |       0 |     527 |   0.0 |       0 |      22 |   0.0 |   939
           D:7 |       0 |    2220 |   0.0 |       0 |      29 |   0.0 |  1994
           D:8 |       0 |    4658 |   0.0 |       0 |      29 |   0.0 |  1105
           D:9 |       0 |    2844 |   0.0 |       0 |      26 |   0.0 |   972
          D:10 |       0 |    2073 |   0.0 |       0 |      27 |   0.0 |  1129
          D:11 |       0 |    9728 |   0.0 |       0 |      52 |   0.0 |  1125
          D:12 |       0 |    6975 |   0.0 |       0 |      26 |   0.0 |  1036
          D:13 |       0 |   21944 |   0.0 |       0 |      48 |   0.0 |  1479
          D:14 |       0 |   13291 |   0.0 |       0 |      57 |   0.0 |  1538
          D:15 |       0 |   11305 |   0.0 |       0 |      25 |   0.0 |   985
        Lair:1 |       0 |    4416 |   0.0 |       0 |      18 |   0.0 |  1093
        Lair:2 |       0 |    9245 |   0.0 |       0 |      26 |   0.0 |  1201
        Lair:3 |       0 |    2823 |   0.0 |       0 |      18 |   0.0 |   995
        Lair:4 |       0 |   11580 |   0.0 |       0 |      34 |   0.0 |  1156
        Lair:5 |       0 |   10873 |   0.0 |       0 |      35 |   0.0 |  1110
        Lair:6 |       0 |   15271 |   0.0 |       0 |      54 |   0.0 |  1618
      Shoals:1 |       0 |   17103 |   0.0 |       0 |      28 |   0.0 |   891
      Shoals:2 |       0 |    9370 |   0.0 |       0 |      16 |   0.0 |   870
      Shoals:3 |       0 |   24783 |   0.0 |       0 |      49 |   0.0 |  1123
      Shoals:4 |       0 |   37694 |   0.0 |       0 |      59 |   0.0 |  1379
      Spider:1 |       0 |   14294 |   0.0 |       0 |      37 |   0.0 |   924
      Spider:2 |       0 |   16404 |   0.0 |       0 |      36 |   0.0 |  1318
      Spider:3 |       0 |   16418 |   0.0 |       0 |      36 |   0.0 |   799
      Spider:4 |       0 |   51674 |   0.0 |       0 |      95 |   0.0 |  2298
         Orc:1 |       0 |    4740 |   0.0 |       0 |      32 |   0.0 |   713
         Orc:2 |       0 |   15482 |   0.0 |       0 |     109 |   0.0 |  1924
         Elf:1 |       0 |   13875 |   0.0 |       0 |      20 |   0.0 |  1027
         Elf:2 |       0 |   43233 |   0.0 |       0 |      58 |   0.0 |  1529
         Elf:3 |       0 |   75433 |   0.0 |       0 |      78 |   0.0 |  2201
      Vaults:1 |       0 |   58523 |   0.0 |       0 |     120 |   0.0 |  2417
      Vaults:2 |       0 |   55949 |   0.0 |       0 |      75 |   0.0 |  1902
      Vaults:3 |       0 |   69662 |   0.0 |       0 |     104 |   0.0 |  1990
      Vaults:4 |       0 |  102296 |   0.0 |       0 |     136 |   0.0 |  2501
      Depths:1 |       0 |   33641 |   0.0 |       0 |      44 |   0.0 |  1125
      Depths:2 |       0 |   66049 |   0.0 |       0 |      89 |   0.0 |  2323
      Depths:3 |       0 |   99245 |   0.0 |       0 |     107 |   0.0 |  2717
      Depths:4 |       0 |   43433 |   0.0 |       0 |      56 |   0.0 |  1057
      Depths:5 |       0 |  124036 |   0.0 |       0 |     109 |   0.0 |  3152
       Abyss:1 |     772 |    1554 |  33.2 |       3 |       3 |  50.0 |   178
       Abyss:2 |    5921 |    1698 |  77.7 |       8 |       5 |  61.5 |   353
       Abyss:3 |   11327 |    5738 |  66.4 |      17 |      25 |  40.5 |   755
        Bailey |       0 |     346 |   0.0 |       0 |      34 |   0.0 |   311
         IceCv |       0 |    5019 |   0.0 |       0 |      28 |   0.0 |   607
       Volcano |       0 |    1407 |   0.0 |       0 |      11 |   0.0 |   428
               +---------+---------+-------+---------+---------+-------+---------
